AoeStats
← mauri90.hermosilla

Arena

509787388Analyzed
1v1 RM · 5d ago on Sep 28, 2026· 30m 16s· 2 players
Game mode
Random Map
Map size
Tiny (2 player)
Population
200
Speed
Normal
Resources
Standard
Victory
Conquest
Starting age
Dark Age
Ending age
Imperial Age
RankedLock teamsTeams togetherTeam positionsShared explorationLock speedFull tech treeHidden civsTurbo modeCheats
Victory
Defeat
🇨🇱 Spanish · Chile
995
+16
🇹🇷 Berbers · Türkiye
996
-16
mauri90.hermosilla
11:10 Feudal Age
12:00 Loom
15:13 Castle Age
14:05 Stone Mining
14:47 Double-Bit Axe
17:58 Fervor
21:52 Bow Saw
24:41 Horse Collar
27:31 Wheelbarrow
31:16 Imperial Age
Kramozga
10:12 Feudal Age
15:20 Castle Age
14:17 Double-Bit Axe
14:52 Loom
17:33 Bloodlines
17:25 Husbandry
17:40 Bow Saw
19:26 Wheelbarrow
24:36 Hand Cart
26:15 Town Watch
27:37 Ballistics
29:32 Thumb Ring
Connection lost

Rejoining the realm…

Still unreachable

The connection could not be restored.

Session expired

The server has moved on; the page needs a fresh start.